Chicago Wolves vs Chicoutimi Sagueneens

Created - 9 octobre 2019 at 16:17

Goals
1 2 3 T
Chicago Wolves 1 3 2 6
Chicoutimi Sagueneens 0 0 1 1
Shots
1 2 3 T
Chicago Wolves 8 11 12 31
Chicoutimi Sagueneens 9 11 10 30

1st period

1. Chicago Wolves , Joel L'Esperance 1 (Saku Maenalanen 1) at 16:38

Penalties :
Mitchell Stephens (WOL) for Slashing (Minor) at 17:00

2nd period

2. Chicago Wolves , Hudson Fasching 3 (Adam Helewka 1, Adam Johnson 1) at 10:05
3. Chicago Wolves , C.J. Smith 2 (Adam Helewka 2) at 12:16
4. Chicago Wolves , Wayne Simpson 3 (Philippe Myers 1, Lawrence Pilut 2) at 13:45

Penalties :
No Penalty

3rd period

5. Chicoutimi Sagueneens , Josh Jooris 1 (Jacob Nilsson 1) at 2:28
6. Chicago Wolves , Mikhail Vorobyev 1 (Lawrence Pilut 3) at 10:14
7. Chicago Wolves , Hudson Fasching 4 (Adam Johnson 2, Adam Helewka 3) at 14:11

Penalties :
Rocco Grimaldi (SAG) for Fighting (Major) at 12:36, Doyle Somerby (WOL) for Fighting (Major) at 12:36, Mike Vecchione (SAG) for Fighting (Major) at 17:45, Wayne Simpson (WOL) for Fighting (Major) at 17:45

Goalie Stats

Michael McNiven (WOL), 29 saves from 30 shots - (0,967), W, 2-0-0, 60:00 minutes
Unknown Goalie (SAG), 14 saves from 18 shots - (0,778), L, 0-1-0, 33:45 minutes
Unknown Goalie (SAG), 11 saves from 13 shots - (0,846), 26:15 minutes

Players Stats for Chicago Wolves

Player Name              G  A  P  +/- PIM S  H  SB GA TA FO     MP     PP MP  PK MP  
------------------------------------------------------------------------------------
Aaron Ness               0  0  0   1  0   0  0  0  0  0  0/0    10:49   0:00   0:00 
Adam Helewka             0  3  3   2  0   8  4  2  1  0  1/2    23:51   0:00   1:07 
Adam Johnson             0  2  2   2  0   2  2  0  1  0  16/25  15:05   0:00   0:52 
C.J. Smith               1  0  1   2  0   3  0  1  0  1  0/0    18:33   0:00   0:00 
Calle Rosen              0  0  0   0  0   1  0  1  1  0  0/0    23:55   0:00   0:51 
Cavan Fitzgerald         0  0  0   2  0   0  1  0  0  0  0/0     7:36   0:00   0:00 
Doyle Somerby            0  0  0   0  5   0  1  0  0  0  0/0    10:29   0:00   0:00 
Hudson Fasching          2  0  2   2  0   4  0  0  0  1  0/0    23:02   0:00   1:07 
Ian McCoshen             0  0  0   0  0   1  0  0  0  1  0/0    23:55   0:00   0:51 
Joel L'Esperance         1  0  1   0  0   3  1  0  0  0  1/3    14:14   0:00   0:00 
Lawrence Pilut           0  2  2   3  0   0  1  0  0  0  0/0    17:59   0:00   1:08 
Mikhail Vorobyev         1  0  1   1  0   1  0  0  0  0  0/0     7:09   0:00   0:00 
Mitchell Stephens        0  0  0   2  2   3  3  1  0  0  4/9    18:55   0:00   0:00 
Morgan Klimchuk          0  0  0   1  0   1  0  0  1  0  0/1    11:58   0:00   0:00 
Philippe Myers           0  1  1   3  0   0  0  0  0  1  0/0    17:59   0:00   1:08 
Ryan Lindgren            0  0  0   1  0   0  0  0  0  0  0/0     7:17   0:00   0:00 
Saku Maenalanen          0  1  1   0  0   2  1  0  0  0  0/0    13:17   0:00   0:00 
Travis Morin             0  0  0   1  0   0  0  0  1  0  2/2    12:56   0:00   0:20 
Wayne Simpson            1  0  1   2  5   2  3  1  0  0  0/0    18:59   0:00   0:32 

Players Stats for Chicoutimi Sagueneens

Player Name              G  A  P  +/- PIM S  H  SB GA TA FO     MP     PP MP  PK MP  
------------------------------------------------------------------------------------
Aleksi Saarela           0  0  0  -1  0   2  3  0  0  0  0/2    22:24   0:56   0:00 
Alex Lintuniemi          0  0  0  -2  0   1  1  1  0  0  0/0    19:38   0:51   0:00 
Clark Bishop             0  0  0  -1  0   0  0  0  0  0  0/0     0:47   0:00   0:00 
Dylan Gambrell           0  0  0  -3  0   2  3  0  1  0  5/10   19:38   1:03   0:00 
Dylan Sikura             0  0  0  -1  0   1  1  0  0  1  0/2     6:06   0:00   0:00 
Jacob de La Rose         0  0  0  -1  0   4  1  1  0  1  10/23  21:43   0:56   0:00 
Jacob Nilsson            0  1  1   0  0   0  1  2  1  0  0/0    13:37   0:00   0:00 
Jakub Zboril             0  0  0  -2  0   2  0  1  0  0  0/0    19:38   0:51   0:00 
Jeff Taylor              0  0  0   0  0   0  0  0  0  0  0/0    13:37   0:00   0:00 
Jonas Siegenthaler       0  0  0  -3  0   1  0  1  0  0  0/0    21:07   1:08   0:00 
Jonathan Racine          0  0  0   0  0   0  0  0  0  0  0/0     6:16   0:00   0:00 
Josh Jooris              1  0  1   0  0   1  1  1  0  1  3/3    15:58   0:00   0:00 
Laurent Dauphin          0  0  0   0  0   2  1  1  0  0  0/0    15:58   0:00   0:00 
Maxim Letunov            0  0  0  -1  0   0  0  0  0  0  0/0     6:51   0:00   0:00 
Miikka Salomaki          0  0  0  -1  0   5  3  1  1  0  0/2    18:18   0:56   0:00 
Mike Vecchione           0  0  0   0  5   2  0  0  1  0  0/0    15:18   0:00   0:00 
Nathan Beaulieu          0  0  0  -3  0   1  0  1  0  2  0/0    26:07   1:08   0:00 
Rocco Grimaldi           0  0  0  -3  5   1  2  0  0  0  0/0    17:19   1:03   0:00 
Spencer Foo              0  0  0  -3  0   5  2  0  0  0  0/0    19:38   1:03   0:00 

3 Stars

1 - Adam Helewka (WOL)
2 - Hudson Fasching (WOL)
3 - Michael McNiven (WOL)

Power Play

Chicago Wolves - 0 on 0 Attempt(s) - 0,00%
Chicoutimi Sagueneens - 0 on 1 Attempt(s) - 0,00%

Penalty Kill

Chicago Wolves - 1 on 1 Attempt(s) - 100,00% - Score 0 goal in Penalty Kill
Chicoutimi Sagueneens - 0 on 0 Attempt(s) - 0,00% - Score 0 goal in Penalty Kill

Team Stat

Chicago Wolves - Hits : 17 - Faceoff Wins : 24 - Blocked Shots : 6 - Penalty Minutes : 12
Chicoutimi Sagueneens - Hits : 19 - Faceoff Wins : 18 - Blocked Shots : 10 - Penalty Minutes : 10

Official

Referees : Dave Jackson and Rob Martell
Linesman : Pierre Racicot and Shane Heyer

Game Notes

Unknown Goalie enters game at 13:45 of 2nd period
Rocco Grimaldi and Doyle Somerby fight to a draw at 12:36 of 3rd period
Mike Vecchione beats up Wayne Simpson at 17:45 of 3rd period

Finance

Level 1 -- Attendance: 1513 (75,65%) -- Ticket Income 52 955 $
Level 2 -- Attendance: 810 (81,00%) -- Ticket Income 12 150 $
Total Attendance: 2323 (77,43%)
Total Ticket Income: 65 105 $
Other Income: 31 901 $
Total Income: 97 006 $

Chicago Wolves

5 vs 5 Forward 
   Center                   Left Wing                Right Wing               Time % Phy DF OF 
 1 Adam Johnson             Adam Helewka             Hudson Fasching          40     1   2  2  
 2 Mitchell Stephens        C.J. Smith               Wayne Simpson            30     1   2  2  
 3 Joel L'Esperance         Saku Maenalanen          Adam Helewka             20     1   2  2  
 4 Travis Morin             Morgan Klimchuk          Hudson Fasching          10     1   2  2  

5 vs 5 Defense 
   Defense                  Defense                                           Time % Phy DF OF 
 1 Calle Rosen              Ian McCoshen                                      40     1   2  2  
 2 Philippe Myers           Lawrence Pilut                                    30     1   2  2  
 3 Aaron Ness               Doyle Somerby                                     20     1   2  2  
 4 Cavan Fitzgerald         Ryan Lindgren                                     10     1   2  2  

PowerPlay Forward 
   Center                   Left Wing                Right Wing               Time % Phy DF OF 
 1 Adam Johnson             Adam Helewka             Hudson Fasching          60     1   2  2  
 2 Mitchell Stephens        C.J. Smith               Wayne Simpson            40     1   2  2  

PowerPlay Defense
   Defense                  Defense                                           Time % Phy DF OF 
 1 Calle Rosen              Ian McCoshen                                      60     1   2  2  
 2 Philippe Myers           Lawrence Pilut                                    40     1   2  2  

Penalty Kill 4 Players Forward 
   Center                   Wing                     Time % Phy DF OF 
 1 Adam Helewka             Hudson Fasching          60     1   2  2  
 2 Wayne Simpson            Adam Johnson             40     1   2  2  

Penalty Kill 4 Players Defense
   Defense                  Defense                  Time % Phy DF OF 
 1 Calle Rosen              Ian McCoshen             60     1   2  2  
 2 Philippe Myers           Lawrence Pilut           40     1   2  2  

Penalty Kill - 3 Players Forward 
   Forward                                           Time % Phy DF OF 
 1 Adam Helewka                                      60     1   2  2  
 2 Hudson Fasching                                   40     1   2  2  

Penalty Kill - 3 Players Defense
   Defense                  Defense                  Time % Phy DF OF 
 1 Calle Rosen              Ian McCoshen             60     1   2  2  
 2 Philippe Myers           Lawrence Pilut           40     1   2  2  

4 vs 4 Forward 
   Center                   Wing                     Time % Phy DF OF 
 1 Adam Helewka             Hudson Fasching          60     1   2  2  
 2 Wayne Simpson            Adam Johnson             40     1   2  2  

4 vs 4 Defense
   Defense                  Defense                  Time % Phy DF OF 
 1 Calle Rosen              Ian McCoshen             60     1   2  2  
 2 Philippe Myers           Lawrence Pilut           40     1   2  2  

Last Minutes Offensive
   Center                   Left Wing                Right Wing               Defense                  Defense                  
   Adam Johnson             Adam Helewka             Hudson Fasching          Calle Rosen              Ian McCoshen             

Last Minutes Defensive
   Center                   Left Wing                Right Wing               Defense                  Defense                  
   Adam Johnson             Adam Helewka             Hudson Fasching          Calle Rosen              Ian McCoshen             

Goaltenders
Starting : Michael McNiven          
Backup : Dan Vladar               

Extra Forwards
Normal : Mikhail Vorobyev, Joel L'Esperance, Travis Morin - PP : Mikhail Vorobyev, Joel L'Esperance - PK : Travis Morin
Extra Defensemen
Normal : Aaron Ness, Doyle Somerby, Cavan Fitzgerald - PP : Aaron Ness - PK : Doyle Somerby, Cavan Fitzgerald
Penalty Shots
Adam Helewka, Hudson Fasching, Wayne Simpson, Adam Johnson, Mitchell Stephens

Scratches
Niklas Hansson (Healthy), Brent Pedersen (Healthy), Andrew Oglevie (Healthy), Matt Finn (Healthy)

Chicoutimi Sagueneens

5 vs 5 Forward 
   Center                   Left Wing                Right Wing               Time % Phy DF OF 
 1 Jacob de La Rose         Aleksi Saarela           Miikka Salomaki          40     1   2  2  
 2 Dylan Gambrell           Spencer Foo              Rocco Grimaldi           30     1   2  2  
 3 Josh Jooris              Laurent Dauphin          Mike Vecchione           20     1   2  2  
 4 Dylan Sikura             Jacob de La Rose         Aleksi Saarela           10     1   2  2  

5 vs 5 Defense 
   Defense                  Defense                                           Time % Phy DF OF 
 1 Nathan Beaulieu          Jonas Siegenthaler                                40     1   2  2  
 2 Alex Lintuniemi          Jakub Zboril                                      30     1   2  2  
 3 Jacob Nilsson            Jeff Taylor                                       20     1   2  2  
 4 Jonathan Racine          Nathan Beaulieu                                   10     1   2  2  

PowerPlay Forward 
   Center                   Left Wing                Right Wing               Time % Phy DF OF 
 1 Jacob de La Rose         Aleksi Saarela           Miikka Salomaki          60     1   2  2  
 2 Dylan Gambrell           Spencer Foo              Rocco Grimaldi           40     1   2  2  

PowerPlay Defense
   Defense                  Defense                                           Time % Phy DF OF 
 1 Nathan Beaulieu          Jonas Siegenthaler                                60     1   2  2  
 2 Alex Lintuniemi          Jakub Zboril                                      40     1   2  2  

Penalty Kill 4 Players Forward 
   Center                   Wing                     Time % Phy DF OF 
 1 Jacob de La Rose         Aleksi Saarela           60     1   2  2  
 2 Dylan Gambrell           Miikka Salomaki          40     1   2  2  

Penalty Kill 4 Players Defense
   Defense                  Defense                  Time % Phy DF OF 
 1 Nathan Beaulieu          Jonas Siegenthaler       60     1   2  2  
 2 Alex Lintuniemi          Jakub Zboril             40     1   2  2  

Penalty Kill - 3 Players Forward 
   Forward                                           Time % Phy DF OF 
 1 Jacob de La Rose                                  60     1   2  2  
 2 Aleksi Saarela                                    40     1   2  2  

Penalty Kill - 3 Players Defense
   Defense                  Defense                  Time % Phy DF OF 
 1 Nathan Beaulieu          Jonas Siegenthaler       60     1   2  2  
 2 Alex Lintuniemi          Jakub Zboril             40     1   2  2  

4 vs 4 Forward 
   Center                   Wing                     Time % Phy DF OF 
 1 Jacob de La Rose         Aleksi Saarela           60     1   2  2  
 2 Dylan Gambrell           Miikka Salomaki          40     1   2  2  

4 vs 4 Defense
   Defense                  Defense                  Time % Phy DF OF 
 1 Nathan Beaulieu          Jonas Siegenthaler       60     1   2  2  
 2 Alex Lintuniemi          Jakub Zboril             40     1   2  2  

Last Minutes Offensive
   Center                   Left Wing                Right Wing               Defense                  Defense                  
   Jacob de La Rose         Aleksi Saarela           Miikka Salomaki          Nathan Beaulieu          Jonas Siegenthaler       

Last Minutes Defensive
   Center                   Left Wing                Right Wing               Defense                  Defense                  
   Jacob de La Rose         Aleksi Saarela           Miikka Salomaki          Nathan Beaulieu          Jonas Siegenthaler       

Goaltenders
Starting : Unknown Goalie           
Backup : Unknown Goalie           

Extra Forwards
Normal : Maxim Letunov, Clark Bishop, Josh Jooris - PP : Maxim Letunov, Clark Bishop - PK : Josh Jooris
Extra Defensemen
Normal : Jacob Nilsson, Jeff Taylor, Jonathan Racine - PP : Jacob Nilsson - PK : Jeff Taylor, Jonathan Racine
Penalty Shots
Jacob de La Rose, Aleksi Saarela, Dylan Gambrell, Miikka Salomaki, Spencer Foo

Scratches
Samuel Laberge (Healthy), Jonathan Ang (Healthy), Ludwig Bystrom (Healthy), Nolan Stevens (Healthy), Bokondji Imama (Healthy)
Braden Christoffer (Healthy), Zach Frye (Healthy), Corey Tropp (Healthy), Pascal Laberge (Healthy)

% Time on Ice - Chicago Wolves

Lines # - Real PCT - Wanted PCT - Time Play
Normal Forward
1 - 24% - 40% - 13:50
2 - 33% - 30% - 18:56
3 - 23% - 20% - 13:17
4 - 21% - 10% - 11:58
Normal Defense
1 - 40% - 40% - 23:04
2 - 29% - 30% - 16:51
3 - 19% - 20% - 10:49
4 - 13% - 10% - 7:17
PP Forward
1 - 0% - 60%
2 - 0% - 40%
PP Defense
1 - 0% - 60%
2 - 0% - 40%
PK Forward
1 - 73% - 60% - 1:27
2 - 27% - 40% - 0:32
PK Defense
1 - 43% - 60% - 0:51
2 - 57% - 40% - 1:08
PK3 Forward
1 - 0% - 60%
2 - 0% - 40%
PK3 Defense
1 - 0% - 60%
2 - 0% - 40%
44 Forward
1 - 0% - 60%
2 - 0% - 40%
44 Defense
1 - 0% - 60%
2 - 0% - 40%
Last Minute Offensive  - 0:00
Last Minute Defensive  - 0:00
Total
Forward - 60:00
Defense - 60:00

% Time on Ice - Chicoutimi Sagueneens

Lines # - Real PCT - Wanted PCT - Time Play
Normal Forward
1 - 30% - 40% - 17:22
2 - 32% - 30% - 18:35
3 - 28% - 20% - 15:58
4 - 11% - 10% - 6:06
Normal Defense
1 - 34% - 40% - 19:59
2 - 32% - 30% - 18:47
3 - 23% - 20% - 13:37
4 - 10% - 10% - 5:38
PP Forward
1 - 47% - 60% - 0:56
2 - 53% - 40% - 1:03
PP Defense
1 - 57% - 60% - 1:08
2 - 43% - 40% - 0:51
PK Forward
1 - 0% - 60%
2 - 0% - 40%
PK Defense
1 - 0% - 60%
2 - 0% - 40%
PK3 Forward
1 - 0% - 60%
2 - 0% - 40%
PK3 Defense
1 - 0% - 60%
2 - 0% - 40%
44 Forward
1 - 0% - 60%
2 - 0% - 40%
44 Defense
1 - 0% - 60%
2 - 0% - 40%
Last Minute Offensive  - 0:00
Last Minute Defensive  - 0:00
Total
Forward - 60:00
Defense - 60:00

Play-by-Play

1st period


0:01 of 1st period - Jacob de La Rose wins face-off versus Adam Johnson in neutral zone.
0:56 of 1st period - Snap shot by Joel L'Esperance.
0:56 of 1st period - Stopped by Unknown Goalie with a rebound.
0:58 of 1st period - Wrist shot by Adam Helewka.
0:58 of 1st period - Stopped by Unknown Goalie with a rebound.
1:16 of 1st period - Dylan Sikura is hit by Doyle Somerby and loses puck.
1:27 of 1st period - Slapshot by Dylan Gambrell.
1:27 of 1st period - Shot Hit the Post.
2:02 of 1st period - Off-side.
2:03 of 1st period - Dylan Gambrell wins face-off versus Joel L'Esperance in neutral zone.
2:51 of 1st period - Snap shot by Travis Morin.
2:51 of 1st period - Shot Misses the Net.
2:55 of 1st period - Snap shot by Morgan Klimchuk.
2:55 of 1st period - Shot Misses the Net.
2:57 of 1st period - Slapshot by Travis Morin.
2:57 of 1st period - Shot Misses the Net.
3:17 of 1st period - Wrist shot by Dylan Gambrell.
3:17 of 1st period - Stopped by Michael McNiven with a rebound.
3:29 of 1st period - Jakub Zboril is hit by Wayne Simpson and loses puck.
5:35 of 1st period - Mike Vecchione is hit by Joel L'Esperance and loses puck.
6:22 of 1st period - Snap shot by Adam Helewka.
6:22 of 1st period - Stopped by Unknown Goalie with a rebound.
9:21 of 1st period - Rocco Grimaldi is hit by Wayne Simpson and loses puck.
10:47 of 1st period - Josh Jooris is hit by Wayne Simpson and loses puck.
10:58 of 1st period - Josh Jooris is hit by Adam Johnson and loses puck.
11:02 of 1st period - Icing by Laurent Dauphin.
11:03 of 1st period - Josh Jooris wins face-off versus Adam Johnson in Chicoutimi Sagueneens zone.
11:19 of 1st period - Wrist shot by Morgan Klimchuk.
11:19 of 1st period - Stopped by Unknown Goalie with a rebound.
11:35 of 1st period - Slapshot by Miikka Salomaki.
11:35 of 1st period - Deflect By Jacob de La Rose.
11:35 of 1st period - Shot Blocked by Wayne Simpson.
11:35 of 1st period - Puck is out of play.
11:36 of 1st period - Adam Johnson wins face-off versus Aleksi Saarela in Chicago Wolves zone.
11:47 of 1st period - Jacob de La Rose is hit by Adam Helewka and loses puck.
12:02 of 1st period - Wrist shot by Rocco Grimaldi.
12:02 of 1st period - Stopped by Michael McNiven with a rebound.
12:21 of 1st period - Wrist shot by Hudson Fasching.
12:21 of 1st period - Shot Misses the Net.
12:33 of 1st period - Wrist shot by Dylan Gambrell.
12:33 of 1st period - Shot Misses the Net.
12:43 of 1st period - Wrist shot by Spencer Foo.
12:43 of 1st period - Stopped by Michael McNiven without a rebound.
12:44 of 1st period - Mitchell Stephens wins face-off versus Miikka Salomaki in Chicago Wolves zone.
12:51 of 1st period - Snap shot by C.J. Smith.
12:51 of 1st period - Stopped by Unknown Goalie with a rebound.
13:17 of 1st period - Wrist shot by Jakub Zboril.
13:17 of 1st period - Stopped by Michael McNiven with a rebound.
13:19 of 1st period - Slapshot by Jakub Zboril.
13:19 of 1st period - Shot Blocked by Calle Rosen.
15:10 of 1st period - Slapshot by C.J. Smith.
15:10 of 1st period - Shot Misses the Net.
15:19 of 1st period - Icing by Wayne Simpson.
15:20 of 1st period - Jacob de La Rose wins face-off versus Mitchell Stephens in Chicago Wolves zone.
15:48 of 1st period - Slapshot by Saku Maenalanen.
15:48 of 1st period - Stopped by Unknown Goalie without a rebound.
15:49 of 1st period - Josh Jooris wins face-off versus Joel L'Esperance in Chicoutimi Sagueneens zone.
15:58 of 1st period - Wrist shot by Mike Vecchione.
15:58 of 1st period - Stopped by Michael McNiven with a rebound.
16:06 of 1st period - Wrist shot by Laurent Dauphin.
16:06 of 1st period - Stopped by Michael McNiven with a rebound.
16:10 of 1st period - Snap shot by Laurent Dauphin.
16:10 of 1st period - Shot Blocked by Adam Helewka.
16:22 of 1st period - Snap shot by Joel L'Esperance.
16:22 of 1st period - Shot Blocked by Nathan Beaulieu.
16:24 of 1st period - Snap shot by Joel L'Esperance.
16:24 of 1st period - Stopped by Unknown Goalie with a rebound.
16:38 of 1st period - Backhand shot by Joel L'Esperance.
16:38 of 1st period - Goal by Joel L'Esperance - Chicago Wolves : 1 - Chicoutimi Sagueneens : 0.
16:39 of 1st period - Jacob de La Rose wins face-off versus Mitchell Stephens in neutral zone.
16:48 of 1st period - Snap shot by Aleksi Saarela.
16:48 of 1st period - Stopped by Michael McNiven with a rebound.
16:50 of 1st period - Slapshot by Jacob de La Rose.
16:50 of 1st period - Shot Misses the Net.
16:52 of 1st period - Slapshot by Nathan Beaulieu.
16:52 of 1st period - Shot Misses the Net.
16:54 of 1st period - Slapshot by Jonas Siegenthaler.
16:54 of 1st period - Deflect By Miikka Salomaki.
16:54 of 1st period - Stopped by Michael McNiven with a rebound.
17:00 of 1st period - Minor Penalty to Mitchell Stephens for Slashing.
17:01 of 1st period - Adam Helewka wins face-off versus Jacob de La Rose in Chicago Wolves zone.
18:03 of 1st period - Off-side.
18:04 of 1st period - Travis Morin wins face-off versus Dylan Gambrell in neutral zone.
18:36 of 1st period - Adam Helewka is hit by Aleksi Saarela.
18:48 of 1st period - Snap shot by Hudson Fasching.
18:48 of 1st period - Shot Blocked by Alex Lintuniemi.
19:00 of 1st period - Penalty to Mitchell Stephens is over, Mitchell Stephens is back on ice.
19:10 of 1st period - Wrist shot by Laurent Dauphin.
19:10 of 1st period - Stopped by Michael McNiven with a rebound.
19:12 of 1st period - Wrist shot by Mike Vecchione.
19:12 of 1st period - Shot Misses the Net.
Goals for this period are 1 for Chicago Wolves vs 0 for Chicoutimi Sagueneens.
Shots for this period are 8 for Chicago Wolves vs 9 for Chicoutimi Sagueneens.

2nd period


0:01 of 2nd period - Adam Johnson wins face-off versus Jacob de La Rose in neutral zone.
0:07 of 2nd period - Icing by Nathan Beaulieu.
0:08 of 2nd period - Adam Johnson wins face-off versus Jacob de La Rose in Chicoutimi Sagueneens zone.
0:09 of 2nd period - Slapshot by Adam Helewka.
0:09 of 2nd period - Stopped by Unknown Goalie with a rebound.
0:23 of 2nd period - Wrist shot by Aleksi Saarela.
0:23 of 2nd period - Shot Blocked by Adam Helewka.
0:33 of 2nd period - Wrist shot by Mitchell Stephens.
0:33 of 2nd period - Stopped by Unknown Goalie with a rebound.
0:35 of 2nd period - Slapshot by Ian McCoshen.
0:35 of 2nd period - Deflect By Jonas Siegenthaler.
0:35 of 2nd period - Stopped by Unknown Goalie without a rebound.
0:36 of 2nd period - Mitchell Stephens wins face-off versus Dylan Gambrell in Chicoutimi Sagueneens zone.
0:39 of 2nd period - Snap shot by Mitchell Stephens.
0:39 of 2nd period - Stopped by Unknown Goalie with a rebound.
0:51 of 2nd period - Rocco Grimaldi is hit by Mitchell Stephens and loses puck.
1:00 of 2nd period - Mitchell Stephens is hit by Dylan Gambrell and loses puck.
1:11 of 2nd period - Snap shot by Spencer Foo.
1:11 of 2nd period - Stopped by Michael McNiven with a rebound.
1:19 of 2nd period - Snap shot by Spencer Foo.
1:19 of 2nd period - Stopped by Michael McNiven without a rebound.
1:20 of 2nd period - Adam Johnson wins face-off versus Aleksi Saarela in Chicago Wolves zone.
1:20 of 2nd period - Adam Johnson is hit by Miikka Salomaki.
2:13 of 2nd period - Wrist shot by Dylan Sikura.
2:13 of 2nd period - Stopped by Michael McNiven with a rebound.
2:57 of 2nd period - Slapshot by Joel L'Esperance.
2:57 of 2nd period - Shot Blocked by Jacob de La Rose.
2:59 of 2nd period - Snap shot by Saku Maenalanen.
2:59 of 2nd period - Shot Blocked by Jacob Nilsson.
3:01 of 2nd period - Slapshot by Doyle Somerby.
3:01 of 2nd period - Shot Blocked by Jacob Nilsson.
3:03 of 2nd period - Wrist shot by Saku Maenalanen.
3:03 of 2nd period - Stopped by Unknown Goalie with a rebound.
4:08 of 2nd period - Jakub Zboril is hit by Adam Helewka and loses puck.
5:20 of 2nd period - Snap shot by Travis Morin.
5:20 of 2nd period - Shot Hit the Post.
7:41 of 2nd period - Joel L'Esperance is hit by Jacob Nilsson and loses puck.
8:52 of 2nd period - Travis Morin is hit by Spencer Foo and loses puck.
9:24 of 2nd period - Icing by Ian McCoshen.
9:25 of 2nd period - Joel L'Esperance wins face-off versus Dylan Sikura in Chicago Wolves zone.
9:48 of 2nd period - Snap shot by Wayne Simpson.
9:48 of 2nd period - Stopped by Unknown Goalie with a rebound.
9:50 of 2nd period - Slapshot by Mitchell Stephens.
9:50 of 2nd period - Stopped by Unknown Goalie with a rebound.
9:55 of 2nd period - Icing by Alex Lintuniemi.
9:56 of 2nd period - Dylan Gambrell wins face-off versus Adam Johnson in Chicoutimi Sagueneens zone.
10:05 of 2nd period - Snap shot by Hudson Fasching.
10:05 of 2nd period - Goal by Hudson Fasching - Chicago Wolves : 2 - Chicoutimi Sagueneens : 0.
10:06 of 2nd period - Jacob de La Rose wins face-off versus Adam Johnson in neutral zone.
10:11 of 2nd period - Snap shot by Miikka Salomaki.
10:11 of 2nd period - Stopped by Michael McNiven without a rebound.
10:12 of 2nd period - Adam Johnson wins face-off versus Jacob de La Rose in Chicago Wolves zone.
10:17 of 2nd period - Wrist shot by Hudson Fasching.
10:17 of 2nd period - Shot Misses the Net.
10:25 of 2nd period - Snap shot by Nathan Beaulieu.
10:25 of 2nd period - Stopped by Michael McNiven with a rebound.
10:27 of 2nd period - Wrist shot by Miikka Salomaki.
10:27 of 2nd period - Stopped by Michael McNiven without a rebound.
10:28 of 2nd period - Dylan Gambrell wins face-off versus Adam Johnson in Chicago Wolves zone.
11:44 of 2nd period - Slapshot by Jacob de La Rose.
11:44 of 2nd period - Shot Misses the Net.
12:16 of 2nd period - Snap shot by C.J. Smith.
12:16 of 2nd period - Goal by C.J. Smith - Chicago Wolves : 3 - Chicoutimi Sagueneens : 0.
12:17 of 2nd period - Jacob de La Rose wins face-off versus Adam Johnson in neutral zone.
12:20 of 2nd period - Wrist shot by Aleksi Saarela.
12:20 of 2nd period - Stopped by Michael McNiven without a rebound.
12:21 of 2nd period - Adam Johnson wins face-off versus Jacob de La Rose in Chicago Wolves zone.
12:21 of 2nd period - Adam Johnson is hit by Jacob de La Rose.
12:31 of 2nd period - Snap shot by Miikka Salomaki.
12:31 of 2nd period - Shot Misses the Net.
12:33 of 2nd period - Slapshot by Jonas Siegenthaler.
12:33 of 2nd period - Stopped by Michael McNiven without a rebound.
12:34 of 2nd period - Adam Johnson wins face-off versus Jacob de La Rose in Chicago Wolves zone.
12:34 of 2nd period - Adam Johnson is hit by Aleksi Saarela.
12:42 of 2nd period - Backhand shot by Jacob de La Rose.
12:42 of 2nd period - Stopped by Michael McNiven without a rebound.
12:43 of 2nd period - Adam Johnson wins face-off versus Miikka Salomaki in Chicago Wolves zone.
12:54 of 2nd period - Wrist shot by Miikka Salomaki.
12:54 of 2nd period - Stopped by Michael McNiven without a rebound.
12:55 of 2nd period - Adam Johnson wins face-off versus Jacob de La Rose in Chicago Wolves zone.
12:55 of 2nd period - Adam Johnson is hit by Miikka Salomaki.
13:23 of 2nd period - Icing by Wayne Simpson.
13:24 of 2nd period - Mitchell Stephens wins face-off versus Dylan Gambrell in Chicago Wolves zone.
13:41 of 2nd period - Snap shot by C.J. Smith.
13:41 of 2nd period - Shot Blocked by Jakub Zboril.
13:43 of 2nd period - Slapshot by Lawrence Pilut.
13:43 of 2nd period - Shot Misses the Net.
13:45 of 2nd period - Snap shot by Philippe Myers.
13:45 of 2nd period - Deflect By Wayne Simpson.
13:45 of 2nd period - Goal by Wayne Simpson - Chicago Wolves : 4 - Chicoutimi Sagueneens : 0.
13:45 of 2nd period - Unknown Goalie enters game.
13:46 of 2nd period - Adam Johnson wins face-off versus Jacob de La Rose in neutral zone.
13:51 of 2nd period - Slapshot by Calle Rosen.
13:51 of 2nd period - Stopped by Unknown Goalie with a rebound.
15:23 of 2nd period - Slapshot by Jacob de La Rose.
15:23 of 2nd period - Stopped by Michael McNiven with a rebound.
16:23 of 2nd period - Ryan Lindgren is hit by Aleksi Saarela and loses puck.
19:15 of 2nd period - C.J. Smith is hit by Dylan Gambrell and loses puck.
Goals for this period are 3 for Chicago Wolves vs 0 for Chicoutimi Sagueneens.
Shots for this period are 11 for Chicago Wolves vs 11 for Chicoutimi Sagueneens.

3rd period


0:01 of 3rd period - Adam Johnson wins face-off versus Jacob de La Rose in neutral zone.
0:11 of 3rd period - Wrist shot by Nathan Beaulieu.
0:11 of 3rd period - Shot Misses the Net.
0:13 of 3rd period - Snap shot by Jacob de La Rose.
0:13 of 3rd period - Stopped by Michael McNiven with a rebound.
0:40 of 3rd period - Wrist shot by Adam Johnson.
0:40 of 3rd period - Shot Blocked by Jonas Siegenthaler.
0:48 of 3rd period - Mike Vecchione is hit by Adam Helewka.
0:52 of 3rd period - Wrist shot by Adam Helewka.
0:52 of 3rd period - Shot Blocked by Josh Jooris.
0:54 of 3rd period - Snap shot by Adam Johnson.
0:54 of 3rd period - Stopped by Unknown Goalie without a rebound.
0:55 of 3rd period - Mitchell Stephens wins face-off versus Jacob de La Rose in Chicoutimi Sagueneens zone.
1:32 of 3rd period - Icing by Aaron Ness.
1:33 of 3rd period - Jacob de La Rose wins face-off versus Morgan Klimchuk in Chicago Wolves zone.
1:59 of 3rd period - Snap shot by C.J. Smith.
1:59 of 3rd period - Stopped by Unknown Goalie with a rebound.
2:07 of 3rd period - C.J. Smith is hit by Dylan Gambrell and loses puck.
2:28 of 3rd period - Wrist shot by Josh Jooris.
2:28 of 3rd period - Goal by Josh Jooris - Chicago Wolves : 4 - Chicoutimi Sagueneens : 1.
2:29 of 3rd period - Adam Johnson wins face-off versus Jacob de La Rose in neutral zone.
2:36 of 3rd period - Nathan Beaulieu is hit by Adam Johnson.
2:56 of 3rd period - Philippe Myers is hit by Rocco Grimaldi and loses puck.
3:01 of 3rd period - Backhand shot by Rocco Grimaldi.
3:01 of 3rd period - Shot Misses the Net.
3:24 of 3rd period - Joel L'Esperance is hit by Alex Lintuniemi and loses puck.
3:31 of 3rd period - Laurent Dauphin is hit by Saku Maenalanen and loses puck.
4:04 of 3rd period - Wrist shot by Dylan Gambrell.
4:04 of 3rd period - Stopped by Michael McNiven with a rebound.
5:24 of 3rd period - Nathan Beaulieu is hit by Mitchell Stephens and loses puck.
6:15 of 3rd period - Snap shot by C.J. Smith.
6:15 of 3rd period - Shot Blocked by Laurent Dauphin.
9:23 of 3rd period - Jonas Siegenthaler is hit by Cavan Fitzgerald and loses puck.
10:14 of 3rd period - Snap shot by Mikhail Vorobyev.
10:14 of 3rd period - Goal by Mikhail Vorobyev - Chicago Wolves : 5 - Chicoutimi Sagueneens : 1.
10:15 of 3rd period - Adam Johnson wins face-off versus Dylan Gambrell in neutral zone.
10:26 of 3rd period - Snap shot by Rocco Grimaldi.
10:26 of 3rd period - Shot Misses the Net.
10:42 of 3rd period - Aleksi Saarela is hit by Mitchell Stephens.
11:08 of 3rd period - Ian McCoshen is hit by Josh Jooris and loses puck.
11:23 of 3rd period - Wrist shot by Hudson Fasching.
11:23 of 3rd period - Stopped by Unknown Goalie with a rebound.
11:25 of 3rd period - Wrist shot by Hudson Fasching.
11:25 of 3rd period - Stopped by Unknown Goalie with a rebound.
11:27 of 3rd period - Slapshot by Lawrence Pilut.
11:27 of 3rd period - Shot Misses the Net.
11:56 of 3rd period - Alex Lintuniemi is hit by Adam Helewka and loses puck.
12:11 of 3rd period - Wayne Simpson is hit by Spencer Foo.
12:23 of 3rd period - Snap shot by Hudson Fasching.
12:23 of 3rd period - Shot Misses the Net.
12:25 of 3rd period - Slapshot by Aaron Ness.
12:25 of 3rd period - Deflect By Morgan Klimchuk.
12:25 of 3rd period - Shot Misses the Net.
12:25 of 3rd period - Puck is out of play.
12:26 of 3rd period - Travis Morin wins face-off versus Dylan Sikura in Chicoutimi Sagueneens zone.
12:36 of 3rd period - Rocco Grimaldi and Doyle Somerby fight to a draw.
12:36 of 3rd period - Penalty to Rocco Grimaldi for Fighting.
12:36 of 3rd period - Penalty to Doyle Somerby for Fighting.
12:37 of 3rd period - Adam Johnson wins face-off versus Jacob de La Rose in neutral zone.
12:59 of 3rd period - Icing by Ian McCoshen.
13:00 of 3rd period - Adam Johnson wins face-off versus Dylan Gambrell in Chicago Wolves zone.
13:30 of 3rd period - Slapshot by Adam Helewka.
13:30 of 3rd period - Stopped by Unknown Goalie without a rebound.
13:31 of 3rd period - Jacob de La Rose wins face-off versus Adam Helewka in Chicoutimi Sagueneens zone.
13:36 of 3rd period - Snap shot by Miikka Salomaki.
13:36 of 3rd period - Stopped by Michael McNiven with a rebound.
13:44 of 3rd period - Jonas Siegenthaler is hit by Lawrence Pilut and loses puck.
13:59 of 3rd period - Slapshot by Adam Helewka.
13:59 of 3rd period - Stopped by Unknown Goalie with a rebound.
14:01 of 3rd period - Slapshot by Adam Helewka.
14:01 of 3rd period - Stopped by Unknown Goalie with a rebound.
14:03 of 3rd period - Slapshot by Cavan Fitzgerald.
14:03 of 3rd period - Shot Blocked by Miikka Salomaki.
14:05 of 3rd period - Snap shot by Adam Helewka.
14:05 of 3rd period - Stopped by Unknown Goalie with a rebound.
14:07 of 3rd period - Snap shot by Adam Johnson.
14:07 of 3rd period - Stopped by Unknown Goalie with a rebound.
14:09 of 3rd period - Slapshot by Adam Helewka.
14:09 of 3rd period - Stopped by Unknown Goalie with a rebound.
14:11 of 3rd period - Snap shot by Adam Johnson.
14:11 of 3rd period - Deflect By Hudson Fasching.
14:11 of 3rd period - Goal by Hudson Fasching - Chicago Wolves : 6 - Chicoutimi Sagueneens : 1.
14:12 of 3rd period - Dylan Gambrell wins face-off versus Mitchell Stephens in neutral zone.
14:19 of 3rd period - Slapshot by Spencer Foo.
14:19 of 3rd period - Shot Blocked by Mitchell Stephens.
14:21 of 3rd period - Backhand shot by Spencer Foo.
14:21 of 3rd period - Deflect By Dylan Gambrell.
14:21 of 3rd period - Shot Misses the Net.
14:21 of 3rd period - Puck is out of play.
14:22 of 3rd period - Dylan Gambrell wins face-off versus Mitchell Stephens in Chicago Wolves zone.
14:25 of 3rd period - Slapshot by Spencer Foo.
14:25 of 3rd period - Stopped by Michael McNiven with a rebound.
14:27 of 3rd period - Wrist shot by Spencer Foo.
14:27 of 3rd period - Shot Misses the Net.
15:12 of 3rd period - Snap shot by Mitchell Stephens.
15:12 of 3rd period - Shot Misses the Net.
15:42 of 3rd period - Snap shot by Spencer Foo.
15:42 of 3rd period - Stopped by Michael McNiven with a rebound.
15:44 of 3rd period - Wrist shot by Maxim Letunov.
15:44 of 3rd period - Deflect By Dylan Gambrell.
15:44 of 3rd period - Shot Misses the Net.
15:44 of 3rd period - Puck is out of play.
15:45 of 3rd period - Adam Johnson wins face-off versus Jacob de La Rose in Chicago Wolves zone.
15:50 of 3rd period - Wrist shot by Jacob de La Rose.
15:50 of 3rd period - Stopped by Michael McNiven without a rebound.
15:51 of 3rd period - Jacob de La Rose wins face-off versus Adam Johnson in Chicago Wolves zone.
15:52 of 3rd period - Backhand shot by Aleksi Saarela.
15:52 of 3rd period - Shot Misses the Net.
15:54 of 3rd period - Wrist shot by Alex Lintuniemi.
15:54 of 3rd period - Stopped by Michael McNiven with a rebound.
15:56 of 3rd period - Slapshot by Jakub Zboril.
15:56 of 3rd period - Stopped by Michael McNiven without a rebound.
15:57 of 3rd period - Jacob de La Rose wins face-off versus Adam Johnson in Chicago Wolves zone.
16:22 of 3rd period - Joel L'Esperance is hit by Laurent Dauphin and loses puck.
16:29 of 3rd period - Slapshot by Laurent Dauphin.
16:29 of 3rd period - Deflect By Mike Vecchione.
16:29 of 3rd period - Stopped by Michael McNiven with a rebound.
17:40 of 3rd period - Off-side.
17:41 of 3rd period - Josh Jooris wins face-off versus Mitchell Stephens in neutral zone.
17:45 of 3rd period - Mike Vecchione beats up Wayne Simpson.
17:45 of 3rd period - Penalty to Mike Vecchione for Fighting.
17:45 of 3rd period - Penalty to Wayne Simpson for Fighting.
17:46 of 3rd period - Jacob de La Rose wins face-off versus Adam Johnson in neutral zone.
18:05 of 3rd period - Adam Helewka is hit by Miikka Salomaki and loses puck.
18:18 of 3rd period - Ian McCoshen is hit by Rocco Grimaldi and loses puck.
18:23 of 3rd period - Wrist shot by Rocco Grimaldi.
18:23 of 3rd period - Shot Misses the Net.
18:25 of 3rd period - Snap shot by Nathan Beaulieu.
18:25 of 3rd period - Shot Blocked by C.J. Smith.
19:03 of 3rd period - C.J. Smith is hit by Dylan Sikura and loses puck.
Goals for this period are 2 for Chicago Wolves vs 1 for Chicoutimi Sagueneens.
Shots for this period are 12 for Chicago Wolves vs 10 for Chicoutimi Sagueneens.